 Dungeon Crawl Stone Soup version 0.15.1-4-gac8487e (webtiles) character file.

394 Johnny the Chiller (level 6, -11/49 HPs)
             Began as a Demigod Ice Elementalist on Oct 14, 2014.
             Mangled by an ogre
             ... wielding a +0 giant club
              (14 damage)
             ... on Level 4 of the Dungeon.
             The game lasted 00:08:29 (3388 turns).

Johnny the Chiller (Demigod Ice Elementalist)       Turns: 3388, Time: 00:08:29

HP -11/49        AC  9     Str 15      XL: 6   Next: 26%
MP   9/17        EV  8     Int 21      God:
Gold 121         SH  0     Dex 15 (17) Spells:  2 memorised,  6 levels left

rFire  . . .     SeeInvis .     o - +1 quarterstaff
rCold  + . .     Clarity  .     q - +2 scale mail {rC+}
rNeg   . . .     rCorr    .     (no shield)
rPois  +         rRot     .     r - +0 helmet (curse)
rElec  .         Spirit   .     (no cloak)
SustAb .         Warding  .     (no gloves)
rMut   .         Stasis   .     (no boots)
Gourm  .                        (no amulet)
MR     .....                    p - +2 ring of strength
                                m - ring of poison resistance

@: very slightly contaminated, not resistant to hostile enchantments, very
unstealthy
A: no striking features
a: no special abilities


You were on level 4 of the Dungeon.
You were not hungry.

You visited 1 branch of the dungeon, and saw 4 of its levels.

You collected 121 gold pieces.

Inventory:

Hand weapons
 d - a +0 whip
 e - a +0 dagger
 i - a +0 vampiric dagger
 o - a +1 quarterstaff (weapon)
Armour
 a - a +0 robe
 q - a +2 scale mail of cold resistance (worn)
 r - a cursed +0 helmet (worn)
Magical devices
 u - a wand of slowing (5)
 w - a wand of flame (12) {unknown}
Comestibles
 c - 4 bread rations
 f - a beef jerky
 j - 2 slices of pizza
 s - a rotting chunk of kobold flesh
 t - a meat ration
 x - 7 chunks of orc flesh
 z - 2 chunks of kobold flesh
Scrolls
 g - 2 scrolls of recharging
 k - a scroll of remove curse
Jewellery
 m - a ring of poison resistance (left hand)
 p - a +2 ring of strength (right hand)
Potions
 h - 2 potions of heal wounds {unknown}
 l - a potion of resistance {unknown}
 n - 2 potions of restore abilities
 v - a potion of curing {unknown}
Books
 b - a book of Frost

   Spells                             Type                      Level
   *Freeze                            Ice                          1
   Throw Frost                        Conjuration/Ice              2
   Ozocubu's Armour                   Charms/Ice                   3
   Throw Icicle                       Conjuration/Ice              4
   *Summon Ice Beast                  Ice/Summoning                4
   Condensation Shield                Ice                          4


   Skills:
 * Level 2.3 Fighting
 + Level 1.3 Armour
 + Level 2.5 Dodging
 + Level 2.9 Stealth
 * Level 3.1 Spellcasting
   Level 0.8 Conjurations
 * Level 1.0 Summonings
 * Level 3.9 Ice Magic


You had 6 spell levels left.
You knew the following spells:

 Your Spells              Type           Power        Failure   Level  Hunger
a - Freeze                Ice            ###.         14%         1    None
b - Summon Ice Beast      Ice/Summ       ##......     99%         4    ####...


Dungeon Overview and Level Annotations

Branches:
Dungeon (4/15)
 Temple: D:4-7

Annotations:
D:3 Grinder


Message History

Aim: an ogre, wielding a giant club (moderately wounded)
You freeze the ogre.
The ogre is severely wounded.
Casting: Freeze
Confirm with . or Enter, or press ? or * to list all spells.
Aiming: Freeze
Press: ? - help, Shift-Dir - straight line, f/p - ogre
Aim: an ogre, wielding a giant club (severely wounded)
You miscast Freeze.
Nothing appears to happen.
The ogre hits you with a giant club!!
* * * LOW HITPOINT WARNING * * *
Casting: Freeze
Confirm with . or Enter, or press ? or * to list all spells.
Aiming: Freeze
Press: ? - help, Shift-Dir - straight line, f/p - ogre
Aim: an ogre, wielding a giant club (severely wounded)
You freeze the ogre.
The ogre is severely wounded.
The ogre hits you with a giant club!
You die...

#......# ##.....
#......# #........
#......# #.###.#..
#......# # #.#<.
#......####........
##......... ..#.#..
### #.#####...
.#.#..
......###.#####...
#....
......JrO@........
..>...
......###.####..(.
....# ... #.# ... .
#.# # #.# #.# #.#
#....(. #..
........ .##
#......# .
##......#..


You could see an ogre, an ooze and a rat.

Vanquished Creatures
  Sigmund (D:4)
  A quasit (D:2)
  3 hounds
  3 orc priests
  An orc wizard (D:3)
  A worker ant (D:4)
  Terence (D:3)
  An adder (D:2)
  2 worms (D:2)
  An adder skeleton (D:3)
  A giant gecko (D:2)
  An ooze (D:2)
  6 orcs
  4 bats
  3 giant cockroaches
  7 goblins
  8 hobgoblins
  10 kobolds
  4 giant newts
  A goblin skeleton (D:4)
  3 rats
63 creatures vanquished.

Notes
Turn   | Place    | Note
--------------------------------------------------------------
     0 | D:1      | Johnny, the Demigod Ice Elementalist, began the quest for the Orb.
     0 | D:1      | Reached XP level 1. HP: 14/14 MP: 3/3
   280 | D:1      | Reached skill level 3 in Ice Magic
   280 | D:1      | Reached XP level 2. HP: 17/22 MP: 2/5
   769 | D:2      | Reached skill level 1 in Fighting
   871 | D:2      | Reached XP level 3. HP: 21/28 MP: 4/8
  1490 | D:2      | Found a deep blue altar of Sif Muna.
  1560 | D:3      | Reached XP level 4. HP: 25/35 MP: 6/11
  2140 | D:3      | Noticed Terence
  2153 | D:3      | Killed Terence
  2250 | D:3      | Learned a level 4 spell: Summon Ice Beast
  2340 | D:3      | Reached XP level 5. HP: 39/41 MP: 13/13
  2395 | D:3      | Noticed Grinder
  2734 | D:4      | Noticed Sigmund
  2758 | D:3      | Reached skill level 1 in Armour
  3009 | D:4      | Killed Sigmund
  3169 | D:4      | Reached XP level 6. HP: 33/48 MP: 17/17
  3242 | D:4      | Reached skill level 1 in Summonings
  3379 | D:4      | Noticed an ogre
  3388 | D:4      | Mangled by an ogre

Action                   |  1- 3 |  4- 6 || total
-------------------------+-------+-------++-------
Melee: Dagger            |    79 |       ||    79
       Whip              |     2 |       ||     2
       Quarterstaff      |    20 |    52 ||    72
 Cast: Freeze            |    39 |    77 ||   116
  Use: Scroll            |       |     5 ||     5
       Potion            |       |     1 ||     1
 Stab: Sleeping          |     4 |       ||     4
  Eat: Chunk             |     2 |     6 ||     8
